 Dungeon Crawl Stone Soup version 0.21.0-25-ge575cb9 (webtiles) character file.

28 Gorglomux the Grave Robber (level 3, 0/19 HPs)
             Began as a Tengu Necromancer on Jan 24, 2018.
             Slain by a jackal (1 damage)
             ... on level 2 of the Dungeon.
             The game lasted 00:03:45 (1948 turns).

Gorglomux the Grave Robber (Tengu Necromancer)      Turns: 1948, Time: 00:03:45

Health: 0/19       AC:  2    Str:  8    XL:     3   Next: 12%
Magic:  0/7        EV: 12    Int: 16    God:
Gold:   129        SH:  0    Dex: 14    Spells: 5/6 levels left

rFire    . . .     SeeInvis .   (no weapon)
rCold    . . .     Gourm    .   (no shield)
rNeg     . . .     Faith    .   a - +0 robe
rPois    .         Spirit   .   (helmet restricted)
rElec    .         Reflect  .   (no cloak)
rCorr    .         Harm     .   (no gloves)
MR       .....                  (boots unavailable)
Stlth    ++........             (no amulet)
HPRegen  0.06/turn              (no ring)
MPRegen  0.10/turn              (no ring)

@: no status effects
A: beak, talons 3
a: no special abilities


You were on level 2 of the Dungeon.
You were not hungry.

You visited 1 branch of the dungeon, and saw 2 of its levels.

You collected 129 gold pieces.

Inventory:

Armour
 a - a +0 robe (worn)
Scrolls
 e - 5 scrolls of identify {unknown}
 h - a scroll of enchant armour {unknown}
 i - 2 scrolls of remove curse {unknown}
 j - a scroll of magic mapping {unknown}
 l - a scroll of amnesia {unknown}
Potions
 f - 2 potions of heal wounds {unknown}
 g - a potion of haste {unknown}
 k - a potion of cancellation {unknown}
 m - a potion of curing {unknown}
 n - 2 potions of lignification {unknown}
Books
 b - a book of Necromancy

   Spells                             Type                      Level
   a - Pain                           Necromancy                   1
   b - Animate Skeleton               Necromancy                   1
   c - Vampiric Draining              Necromancy                   3
   d - Regeneration                   Charms/Necromancy            3
   e - Animate Dead                   Necromancy                   4
   f - Borgnjor's Vile Clutch         Necromancy/Earth             5
Comestibles
 c - 4 rations


   Skills:
 - Level 2.1 Dodging
 - Level 2.0 Stealth
 - Level 2.0 Spellcasting
 + Level 5.4 Necromancy


You had 5 spell levels left.
You knew the following spells:

 Your Spells              Type           Power        Failure   Level  Hunger
a - Pain                  Necr           ###.         2%          1    #......


Dungeon Overview and Level Annotations

Branches:
Dungeon (2/15)

Altars:
Fedhas


Innate Abilities, Weirdness & Mutations

You have a beak for a mouth.
You have claws for feet.


Message History

Casting: Pain
Confirm with ! or Enter, or press ? or * to list all spells!
Aiming: Pain
Press: ? - help, Shift-Dir - straight line, f/p - jackal
Aim: a jackal (heavily wounded, chance to defeat MR: 89%)
The jackal barely resists!
The jackal bites you! * * * don'butt die
* * * The jackal bites you! * * * don't die
* * * The jackal barely misses you!
The jackal butt-ly misses you!
The jackal closely misses butt!
Casting: Pain
Confirm with ! or Enter, or press ? or * to list all spells!
Aiming: Pain
Press: ? - help, Shift-Dir - butt line, butt/p - jackal
Aim: a jackal (heavily wounded, chance to defeat MR: 89%)
The jackal writhes in agony!!!
The jackal closely misses you! The jackal bites you! rip

#. #.# #####. #.# ....#.
#.# #.....## #.# #.#
...# #.#
.######.####.#######.#
....................>###
#.####.#.........(....#
#......#.##@.########.#
# #####..#.##h.# #.# .
#.....(#.##..# #.#
#.#....#.##..########.#
#<.......##...........#
############.##########
#...†........#
#.############ #...#


You could see a jackal.

Vanquished Creatures
  A dart slug (D:1)
  A giant cockroach (D:1)
  5 goblins
  3 jackals (D:2)
  2 kobolds (D:1)
  A quokka (D:2)
  3 ball pythons
  3 bats
  2 frilled lizards (D:1)
  4 rats (D:1)
25 creatures vanquished.

Notes
Turn   | Place    | Note
-------+----------+-------------------------------------------
     0 | D:1      | Gorglomux the Tengu Necromancer began the quest for the Orb.
     0 | D:1      | Reached XP level 1. HP: 10/10 MP: 4/4
   396 | D:1      | Reached XP level 2. HP: 13/15 MP: 1/6
   485 | D:1      | Reached skill level 5 in Necromancy
  1666 | D:2      | Found a blossoming altar of Fedhas.
  1875 | D:2      | Reached XP level 3. HP: 14/19 MP: 4/7
  1948 | D:2      | Slain by a jackal

Skill      XL: |  1  2 |
---------------+-------+-----
Necromancy     | 5 |  5.4
Dodging        | |  2.1
Stealth        | |  2.0
Spellcasting   | |  2.0

Action                   || total
-------------------------++-------
Melee: Unarmed           ||     5
 Cast: Pain              ||    66
  Eat: Chunk             ||     2
       Ration            ||     1
Armor: Robe              ||     2
Dodge: Dodged            ||    22
